[Event "3rd President Cup-A 2024"]
[Site "Tashkent"]
[Date "2024.11.25"]
[Round "5.1"]
[White "Nigmatov, Ortik"]
[Black "Abdusattorov, Nodirbek"]
[Result "1/2-1/2"]
[ECO "C58"]
[WhiteElo "2447"]
[BlackElo "2777"]
[Annotator "TA"]
[PlyCount "106"]
[EventDate "2024.11.22"]
[EventType "swiss"]
[EventCountry "UZB"]
[SourceTitle "playchess.com"]
[Source "ChessBase"]
[SourceQuality "1"]
[TimeControl "5400+30"]

1. e4 e5 2. Nf3 Nc6 3. Bc4 Nf6 4. Ng5 d5 5. exd5 Na5 6. Bb5+ c6 7. dxc6 bxc6 8. Bd3 Nd5 9. h4 (9. Nxh7 $2 Nf4 10. Be4 f5 $19) 9... Be7 10. Qf3 (10. Bxh7 Bxg5 11. hxg5 Bf5 $19) (10. Nxh7 $2 g6 11. Nc3 Rxh7 $19) 10... f5 {[%emt 0:00:12] White is slightly better.} 11. Bxf5 Rf8 $1 12. Qh5+ g6 {[%emt 0:00:03] [#]} 13. Bxg6+ hxg6 14. Qxg6+ Kd7 15. d3 Kc7 16. Bd2 Kb7 17. Qe4 $1 Rb8 18. Qa4 $1 $36 {[%emt 0:00:06][%mdl 2048] White is more active.} Qb6 19. O-O Ka8 20. Bxa5 (20. Qxa5 Qxb2 21. c4 (21. Nc3 Bb4 $17) 21... Qxa1 $11) 20... Qa6 21. b3 Nf4 {[%emt 0:08:57] [#]} (21... Rf4 $14 22. Ne4 (22. c4 Rxh4 23. g3 Rh5 $16) 22... Rxh4) 22. Re1 $1 $16 Bxg5 23. hxg5 Qb7 {[%emt 0:00:15] Against Bc7. And now ...Qh7 would win.} 24. Bd2 ({But not} 24. Rxe5 $6 Qh7 25. f3 (25. Qxc6+ $2 Bb7 $19) 25... Nxg2 $11) 24... Qh7 {[%emt 0:07:15] [#] ...Rh8 would now be deadly.} 25. Bxf4 $1 (25. Qxc6+ Bb7 26. Qh6 Qf5 $19) (25. Rxe5 $2 Rh8 26. Qxc6+ (26. Qxf4 $2 Qh1#) 26... Bb7 $19) 25... Rxf4 26. Re4 (26. Qxc6+ $16 Bb7 27. Qh6) 26... Bb7 {[%emt 0:01:33] The position is equal.} 27. Rxf4 exf4 28. f3 Qg7 29. c3 $1 Qxg5 {[%emt 0:03:21] ( -> ...Rg8)} 30. Qd4 {[%emt 0:00:43] Strongly threatening Nd2.} ({Avoid the trap} 30. Nd2 $2 Rg8 31. g4 fxg3 $19) 30... Rg8 31. Qf2 {[%emt 0:00:22] Hoping for Nd2.} Bc8 $1 {[%emt 0:00:12] Threatens to win with ...Bh3.} 32. Nd2 {[%emt 0:11:49] Black must now prevent Kf1.} Bh3 33. Ne4 Qh6 34. Re1 Bxg2 35. Qxg2 Rxg2+ 36. Kxg2 $11 {[%emt 0:00:02][%mdl 4096] Endgame. KQ-KRN} a5 37. Rh1 Qg7+ 38. Kf2 Qe7 39. Ke2 Ka7 40. Rh5 Qa3 41. Rf5 Qxa2+ 42. Nd2 Qa1 43. Rxf4 Qxc3 44. Rc4 Qe5+ 45. Re4 Qg7 46. Rg4 Qh8 47. Re4 Kb6 48. Rg4 Kb5 49. Re4 c5 50. Rg4 Qh1 51. Rc4 Qg1 52. Rg4 Qh1 53. Rc4 Qg1 {[%emt 0:12:39] Weighted Error Value: White=0.07 (flawless) /Black=0.03 (flawless) .  Mistake:       	White=1     	Black=1      OK:         	White=15    	Black=18     Best:        	White=4     	Black=4      Strong:       	White=5     	Black=2      Brilliant:      	White=1     	---} 1/2-1/2

[Event "3rd President Cup-A 2024"]
[Site "Tashkent"]
[Date "2024.11.25"]
[Round "5.2"]
[White "Sindarov, Javokhir"]
[Black "Zemlyanskii, Ivan"]
[Result "1-0"]
[ECO "C83"]
[WhiteElo "2682"]
[BlackElo "2543"]
[Annotator "TA"]
[PlyCount "67"]
[EventDate "2024.11.22"]
[EventType "swiss"]
[EventCountry "UZB"]
[SourceTitle "playchess.com"]
[Source "ChessBase"]
[SourceQuality "1"]
[TimeControl "5400+30"]

1. e4 e5 2. Nf3 Nc6 3. Bb5 a6 4. Ba4 Nf6 5. O-O Nxe4 6. d4 b5 7. Bb3 d5 8. dxe5 Be6 9. c3 Be7 10. Bf4 Nc5 11. Bc2 Bg4 12. Nbd2 Bh5 {[%emt 0:11:23] The position is equal.} 13. Bg3 O-O 14. Qb1 Bg6 15. Rd1 Bxc2 16. Qxc2 f5 {[%emt 0:00:08] Strongly threatening ...f4.} 17. exf6 Bxf6 18. b4 Na4 {[%emt 0:16:26] [#]} 19. Ne4 Be7 (19... Qd7 20. Nxf6+) 20. a3 Nb6 21. Nc5 {[%emt 0:00:13] Wards off Qd7} Qc8 {[%emt 0:07:17] Against Ne6} 22. Qd3 {[%emt 0:17:59] White has more active pieces.} Rf5 ({Black should try} 22... Rf6) 23. Re1 {[%emt 0:05:37][%cal Bd1e1,Be1e6,Be6e5][%mdl 32] aiming for Re6.} Bxc5 24. bxc5 Nc4 {[%emt 0:00:52] [#]} 25. Bxc7 Rxf3 (25... Qd7 $16 {keeps fighting.} 26. Nd4 Rff8) 26. Qxf3 $18 Qxc7 27. Qxd5+ Kh8 28. Re6 $40 {[%emt 0:00:09][%mdl 128] White wants a kill.} Rc8 $2 (28... N4a5 {is tougher.} 29. Qe4 g6) 29. Rae1 {[%emt 0:00:55] White wants to mate with Re8+. White is clearly winning.} g6 (29... N6e5 $142 30. f4 (30. R6xe5 Nxe5 31. Rxe5 h6 $18) (30. Rxa6 Qb8 $18) 30... Rf8) 30. h4 (30. Rxc6 $142 Qxc6 31. Qd4+ Ne5 32. Rxe5 (32. Qxe5+ Kg8 $18)) 30... N6e5 31. R1xe5 Nxe5 32. Rxe5 Rd8 33. Qe4 Qf7 34. c6 {[%emt 0:00:54] Weighted Error Value: White=0.30/Black=0.48.  Mistake:       	White=2     	Black=4      Inaccurate:     	---       	Black=4      OK:         	White=10    	Black=3      Best:        	---       	Black=2      Brilliant:      	White=1     	---} (34. Re7 $142 Qf6 35. c6) 1-0

[Event "3rd President Cup-A 2024"]
[Site "Tashkent"]
[Date "2024.11.25"]
[Round "5.3"]
[White "Karthikeyan, Murali"]
[Black "Nihal Sarin"]
[Result "1/2-1/2"]
[ECO "D02"]
[WhiteElo "2625"]
[BlackElo "2676"]
[Annotator "TA"]
[PlyCount "80"]
[EventDate "2024.11.22"]
[EventType "swiss"]
[EventCountry "UZB"]
[SourceTitle "playchess.com"]
[Source "ChessBase"]
[SourceQuality "1"]
[TimeControl "5400+30"]

1. d4 d5 2. Nf3 Nf6 3. Bf4 c5 4. e3 e6 5. Nbd2 Qb6 6. Rb1 cxd4 7. exd4 Bd7 8. c3 Bb5 9. Bxb5+ Qxb5 10. a4 (10. Nb3 {seems wilder.} Ne4 11. Ne5 Be7 12. Qe2) 10... Qa6 11. Qb3 Nbd7 12. Qb5 Qb6 13. Ke2 Nh5 14. Be5 f6 15. Bg3 (15. Qxb6 {simplifies} axb6 16. Bc7 Rc8 17. Bg3) 15... Bd6 16. Qxb6 Nxg3+ 17. hxg3 Nxb6 18. a5 Nc8 19. b4 Ne7 20. c4 dxc4 21. Nxc4 Kd7 22. b5 Nd5 23. Kd3 {[%emt 0:01:52] Wards off Nc3} h6 24. Nfd2 Rhc8 25. Rhc1 Be7 26. Rb3 b6 27. Ra1 Rab8 28. Ne3 Nxe3 (28... Nb4+ $11 29. Ke2 Ke8) 29. fxe3 (29. axb6 $5 axb6 (29... Nxg2 $2 30. bxa7 Rb7 31. Ke2 $18) 30. fxe3 $16) 29... bxa5 30. Rxa5 Rb7 31. g4 g6 32. Rb1 Rcb8 33. Rh1 Bf8 34. Ne4 (34. g5 $5 fxg5 (34... Rxb5 $2 {is the wrong capture.} 35. Rxa7+ R8b7 36. Rxb7+ Rxb7 37. gxh6 $18) 35. Nc4 Rxb5 36. Rxa7+ R8b7 37. Ra6 $16) 34... f5 35. gxf5 {[%emt 0:00:11] The position is equal.} gxf5 36. Nc5+ Bxc5 37. dxc5 {[%emt 0:00:03] [#] aiming for c6+.} Rxb5 38. Rxa7+ R8b7 39. Rxb7+ Rxb7 40. Rxh6 {[%emt 0:00:31] Black must now prevent Rh7+.} Rb3+ {[%emt 0:00:26] Weighted Error Value: White=0.06 (flawless) /Black=0.08 (flawless) .  Mistake:       	---       	Black=1      Inaccurate:     	White=2     	Black=3      OK:         	White=11    	Black=17     Best:        	---       	Black=3} 1/2-1/2

[Event "3rd President Cup-A 2024"]
[Site "Tashkent"]
[Date "2024.11.25"]
[Round "5.4"]
[White "Madaminov, Mukhiddin"]
[Black "Maghsoodloo, Parham"]
[Result "1/2-1/2"]
[ECO "B90"]
[WhiteElo "2501"]
[BlackElo "2712"]
[Annotator "TA"]
[PlyCount "152"]
[EventDate "2024.11.22"]
[EventType "swiss"]
[EventCountry "UZB"]
[SourceTitle "playchess.com"]
[Source "ChessBase"]
[SourceQuality "1"]
[TimeControl "5400+30"]

1. e4 c5 2. Nf3 d6 3. d4 cxd4 4. Nxd4 Nf6 5. Nc3 a6 6. Bd3 g6 7. f3 Nc6 8. Be3 Qb6 {[%emt 0:00:11][%cal Ob6b2] [#]} 9. a3 $1 e5 {[%emt 0:00:07] [#]} (9... Bd7 10. Bc4) 10. Nf5 Qd8 11. Ng3 Be6 12. h4 h5 13. Qd2 Rc8 14. O-O-O b5 15. Kb1 Bg7 {[%emt 0:31:17] [#]} 16. Nd5 $1 Bxd5 17. exd5 Nxd5 18. Bg5 Nde7 $1 19. Be4 f6 20. Be3 {[%emt 0:01:54][%cal Oe4d5] A strong pair of Bishops.} (20. Qd3 $5 fxg5 21. hxg5 $15 (21. Bxg6+ Kf8 $15)) 20... f5 21. Bxc6+ Rxc6 22. Bg5 d5 23. Rhe1 Qd7 24. Ne2 Rd6 25. Nf4 $1 Kf7 $1 26. Nd3 $1 {[%emt 0:05:50][%cal Oe1e5] Strongly threatening Rxe5!} Nc6 27. g4 Re8 (27... fxg4 28. Nc5 Qc7 29. fxg4 $16) 28. gxh5 gxh5 29. Qh2 a5 30. Qh3 (30. Rg1 $11) 30... Qc8 (30... b4 $15 31. a4 (31. Nc5 Qc8 $17) 31... Kg8) 31. Qg2 b4 32. a4 Rg6 33. Qf2 Nd4 34. Be3 Nc6 35. Bg5 d4 36. Qe2 Qe6 37. b3 (37. Qh2 {feels hotter.} Qd7 38. Rg1 f4 39. b3) 37... Kg8 38. Qf1 (38. Rd2 $11 {keeps the balance.}) 38... Qf7 $17 39. Qh3 e4 ({Black should try} 39... Nb8 $17 40. Qh2 Nd7) 40. fxe4 $1 $11 fxe4 41. Rf1 $1 Qe6 42. Qxe6+ Rgxe6 43. Nf4 Rd6 44. Nxh5 Bh8 45. Rfe1 (45. Rg1 $11 Kh7 46. Rdf1) 45... e3 $1 $17 46. Nf4 (46. Bxe3 Rxe3 47. Rxe3 dxe3 $19) 46... Ne5 47. Rg1 {[%emt 0:00:39] Black must now prevent Be7+.} (47. Rxe3 dxe3 48. Rxd6 Nf7 $19) 47... Kh7 {[%emt 0:00:20][%cal Od4d3] aiming for ...d3!} 48. Rg3 $1 Nc6 49. Ne2 (49. Nd3 $1 $15) 49... Be5 ({Better is} 49... Rf8 $1 $17 50. Nc1 (50. Bxe3 $2 Re6 $19) 50... Re6) 50. Rf3 $1 $11 Rg8 51. Rg1 Rg7 52. Rd1 Rdd7 53. Rdf1 Rd6 54. Rd1 Rgd7 55. Nc1 Bg7 56. Rf5 Bh6 (56... Ne5 $15) 57. Rc5 Rf7 58. Re1 Re6 59. Nd3 {[%emt 0:00:25] Prevents Ne5.} Bf8 60. Rb5 Bd6 61. Rb6 (61. Ka2 $1 $11 {remains equal.}) 61... Bg3 $36 {[%emt 0:00:38][%mdl 2048] Black is really pushing.} 62. Rg1 (62. Re2 $17) 62... Bh2 $2 ({Black should play} 62... e2 $19 {Threatens to win with ...Rf1+.} 63. Kb2 (63. Rxg3 $2 e1=Q+ 64. Nxe1 Rxe1+ 65. Kb2 Rff1 $19) 63... Rf1 (63... e1=R 64. Rxg3 Rh1 65. Bc1 $11) (63... e1=Q $2 64. Nxe1 Bxe1 65. Kb1 $19) (63... e1=B 64. Kb1 $17) 64. Rb7+ (64. Rxg3 $2 e1=Q $19) 64... Kh8 65. Rxg3 e1=Q 66. Bf6+ (66. Nxe1 $2 Rexe1 $19) 66... Rfxf6 67. Nxe1 Rxe1) 63. Rh1 (63. Rg2 $11 Bb8 64. Rb5) 63... Bg3 $2 (63... e2 $17 {And now ...Rf1+ would win.} 64. Rxc6 (64. Rxh2 $2 e1=Q+ 65. Nxe1 Rxe1+ 66. Kb2 Rff1 $19) 64... Rf1+ (64... Rxc6 65. Rxh2 Rf1+ 66. Kb2 $17) 65. Kb2 Bd6 (65... Rxc6 $2 66. Rxh2 e1=Q 67. Nxe1 $19) 66. Rxd6 Rxd6) 64. Rg1 $19 Bc7 $2 (64... e2 $19 {has better winning chances. ...Rf1+ would now be deadly.} 65. Rxg3 e1=Q+ 66. Nxe1 Rxe1+ 67. Ka2 Rff1 68. Rb7+ (68. Rxc6 $2 Ra1+ 69. Kb2 Rfb1#) 68... Kh8 69. Bf6+ Rxf6) 65. Rb7 $17 {[%emt 0:00:13] [#]} Ne5 $1 66. Nxe5 $4 (66. Ne1 $17) 66... Rxe5 $19 67. Bf4 $2 {[%emt 0:00:10] [#]} (67. Re1) 67... e2 $2 68. Re1 $11 Kg6 69. Rxc7 (69. Bxe5 $2 {is the wrong capture.} Rf1 70. h5+ (70. Bxc7 $2 Rxe1+ 71. Ka2 Ra1+ 72. Kxa1 e1=Q+ 73. Ka2 Qc3 $19) 70... Kg5 71. Bxc7 (71. Rxc7 $2 Rxe1+ 72. Kb2 Rb1+ 73. Kxb1 e1=Q+ 74. Ka2 Qxe5 $19) 71... Rxe1+ 72. Kb2 d3 (72... Kxh5 $2 73. Rb5+ Kg6 74. Re5 $18) (72... Rb1+ $2 73. Kxb1 e1=Q+ 74. Ka2 $19) 73. Rb5+ (73. Bxa5 Rb1+ 74. Kxb1 e1=Q+ 75. Kb2 Qc3+ 76. Ka2 Qxc2+ 77. Ka1 Qd1+ 78. Kb2 Qe2+ 79. Kb1 Qf1+ 80. Kb2 Qg2+ 81. Kb1 Qxb7 82. Bd8+ Kf5 83. Kc1 Qc6+ 84. Kd2 Qc2+ 85. Ke3 d2 86. Kf3 d1=Q+ 87. Kg3 Qg4#) 73... Kf6 74. Bd8+ (74. Bxa5 Rb1+ 75. Kxb1 e1=Q+ 76. Ka2 dxc2 77. Rb6+ Ke5 78. Rb5+ Kd4 79. Rxb4+ Qxb4 80. Bxb4 c1=Q 81. Ba3 Qc8 82. Bb2+ Kd3 83. Kb1 Kd2 84. h6 Qf5+ 85. Ka2 Kc2 86. Ka3 Qc5+ 87. Ka2 Qe3 88. Bh8 Qxb3+ 89. Ka1 Qxa4#) 74... Ke6 75. cxd3 (75. Bxa5 Rb1+ 76. Kxb1 e1=Q+ 77. Ka2 dxc2 78. Rb6+ Ke5 79. Rb5+ Kd4 80. Rxb4+ Qxb4 81. Bxb4 c1=Q 82. Ba3 Qg1 83. Bb4 Kd3 84. Kb2 Qd4+ 85. Kb1 Qxb4 86. Kb2 Qd2+ 87. Ka3 Kc3 88. a5 Qb2+ 89. Ka4 Qxb3#) 75... Rb1+ 76. Kxb1 e1=Q+ (76... e1=B 77. Bxa5 Bh4 78. Bxb4 Bf6 79. h6 Kf7 80. h7 Kg7 81. Rb7+ Kh6 82. a5) 77. Kc2 Qc3+ 78. Kd1 Qxd3+ (78... Qxb3+ $2 79. Kd2 $19) 79. Ke1 Qxd8 $19) 69... Rxf4 {[%emt 0:00:11][%mdl 4096] Endgame. KRR-KRR} 70. Kc1 Rf3 71. Rd7 Rc5 {[%emt 0:00:29] ...d3 is the strong threat.} 72. Rxd4 (72. Rxe2 $14 Rxb3 73. Rd6+ (73. Rxd4 Ra3 $14) 73... Kf7 74. Rxd4) 72... Rf1 {[%emt 0:00:12] The position is equal.} ({Much worse is} 72... Rxb3 $6 73. Rxe2 Rh3 74. Kb2 $16) 73. Kd2 Rxc2+ $1 74. Kxc2 Rxe1 75. Re4 Kf5 76. Re8 Kg4 {[%emt 0:00:27] Weighted Error Value: White=0.13 (very precise) /Black=0.13 (very precise) .  Loses game:     	White=1     	---        Missed win:     	---       	Black=3      Mistake:       	White=9     	Black=5      Inaccurate:     	White=8     	Black=5      OK:         	White=28    	Black=21     Best:        	White=2     	Black=5      Strong:       	White=6     	Black=5} 1/2-1/2

[Event "3rd President Cup-A 2024"]
[Site "Tashkent"]
[Date "2024.11.25"]
[Round "5.5"]
[White "Nikitenko, Mihail"]
[Black "Tabatabaei, M. Amin"]
[Result "1/2-1/2"]
[ECO "D35"]
[WhiteElo "2490"]
[BlackElo "2686"]
[Annotator "TA"]
[PlyCount "120"]
[EventDate "2024.11.22"]
[EventType "swiss"]
[EventCountry "UZB"]
[SourceTitle "playchess.com"]
[Source "ChessBase"]
[SourceQuality "1"]
[TimeControl "5400+30"]

1. Nf3 d5 2. d4 Nf6 3. c4 e6 4. Nc3 Nbd7 5. Bf4 Bb4 6. cxd5 exd5 7. e3 Ne4 {[%emt 0:00:19] D35: Queen's Gambit Declined: Exchange Variation.} 8. Qc2 g5 9. Be5 Nxe5 10. Nxe5 c6 11. Bd3 f6 12. Nf3 Qe7 13. a3 Bxc3+ 14. bxc3 Nd6 15. Nd2 Be6 16. O-O O-O-O 17. a4 $146 ({Predecessor:} 17. c4 dxc4 18. Nxc4 Bxc4 19. Bxc4 Nxc4 20. Qxc4 h5 21. Rfc1 Kb8 22. Rab1 Ka8 23. a4 {½-½ Wang,I (2342)-Stearman,J (2482) Las Vegas 1000 GM June GM-A 2024 (8)}) 17... h5 18. a5 h4 19. e4 h3 20. g3 dxe4 21. Nxe4 Nxe4 22. Bxe4 Qd6 23. Rab1 Rhe8 24. Rfe1 Re7 25. c4 Qxd4 26. a6 Qc5 (26... bxa6 $2 27. Qb3 (27. Bxc6 Qc5 $16) 27... Qd6 (27... Qxc4 28. Qb8+ Kd7 29. Rb7+ Ke8 30. Bg6+ Kf8 31. Qxd8+ Kg7 32. Qxe7+) (27... Bxc4 28. Bf5+) 28. Qa4 $18) (26... Qxc4 $2 27. Qxc4 Bxc4 28. Bf5+ Kb8 29. Rxe7 $18) 27. axb7+ Kb8 28. Qc3 (28. Bd3 $1 $11) 28... Bxc4 $15 29. Qxf6 Rde8 $1 30. Red1 {[%emt 0:01:23] [#]} (30. Qxc6 Qxc6 31. f3 Rxe4 32. Rxe4 Rxe4 33. g4 Rxg4+ (33... Qc5+ 34. Kh1 Qf2 35. Rg1 Qxf3+ 36. Rg2 Qxg2#) 34. Kf2 Qc5+ 35. Ke1 Rg2 36. Kd1 Qg1#) (30. Qc3 $17) 30... Bb5 $1 $19 31. Bf5 {[%emt 0:04:17] [#]} Qe5 $2 (31... Ba4 $1 $19 32. Rf1 Bc2 33. Bxc2 (33. Bxh3 $2 {too greedy.} Bxb1 34. Rxb1 Re1+ 35. Rxe1 Rxe1+ 36. Bf1 Qb5 $19) 33... Qd5) 32. Qxe5+ $1 $15 (32. Qxg5 $2 {gets mated.} Qe1+ (32... Rxb7 $2 {perishes.} 33. Rd8+ Kc7 34. Rxe8 $18) 33. Rxe1 Rxe1+ 34. Rxe1 Rxe1#) 32... Rxe5 33. Bxh3 Kxb7 34. Rdc1 Kc7 35. Bg2 R8e6 36. h4 $1 Kb6 37. hxg5 Rxg5 38. Rc3 a5 39. Rbc1 a4 40. f4 Rg8 41. Kf2 Re2+ 42. Kf3 Rb2 43. Bf1 (43. g4 $11) 43... Rb3 (43... Ra8 $17 {...a3 would now be deadly.} 44. Ra1 c5 45. Bxb5 Kxb5) 44. Rxb3 $1 $11 axb3 45. Bxb5 Kxb5 46. Rc3 Kb4 47. Rxc6 Rb8 48. Rc1 b2 49. Rb1 Kc3 50. Ke4 Kc2 51. Rxb2+ Rxb2 52. g4 Rb4+ 53. Ke5 Kd3 54. g5 Rb5+ 55. Kf6 Rb6+ 56. Kf5 Rb5+ 57. Kf6 Ke4 58. g6 Rb6+ 59. Kg5 Rxg6+ 60. Kxg6 Kxf4 1/2-1/2

[Event "3rd President Cup-A 2024"]
[Site "Tashkent"]
[Date "2024.11.25"]
[Round "5.6"]
[White "Urazayev, Arystanbek"]
[Black "Yakubboev, Nodirbek"]
[Result "1/2-1/2"]
[ECO "B15"]
[WhiteElo "2480"]
[BlackElo "2668"]
[Annotator "TA"]
[PlyCount "66"]
[EventDate "2024.11.22"]
[EventType "swiss"]
[EventCountry "UZB"]
[SourceTitle "playchess.com"]
[Source "ChessBase"]
[SourceQuality "1"]
[TimeControl "5400+30"]

1. e4 c6 2. d4 d5 3. Nd2 dxe4 4. Nxe4 Nf6 5. Nxf6+ exf6 6. c3 Bd6 7. Bd3 O-O 8. Ne2 Qc7 9. Qc2 h6 10. Be3 Re8 11. h3 Nd7 12. O-O c5 13. dxc5 {[%emt 0:14:01] White is slightly better.} Nxc5 14. Bh7+ Kh8 15. Rad1 Be6 16. b4 Nd7 17. Nd4 Bc4 {[%emt 0:02:08] [#] Prevents Nb5. aiming for ...Bh2+.} 18. Bd3 Nb6 19. Nf5 {[%emt 0:02:43] Nxd6 is the strong threat.} (19. Nb5 {seems wilder.} Bxb5 20. Bxb5 Rxe3 21. fxe3 Bxb4 22. Qe4) 19... Bxd3 20. Qxd3 Be5 21. Bd4 Bxd4 22. Qxd4 Re5 23. Qg4 {[%emt 0:04:11][%csl Gf5][%cal Rg4g7] [#]} g6 (23... Rg8 $6 24. Rd4 $16) 24. Nd6 {[%emt 0:09:14] White is more active.} (24. Nxh6 Kg7 (24... Qxc3 $2 25. Rc1 $18) (24... Rh5 25. c4 $11) 25. Qf4 f5 $11) (24. Ne3 $1 $14) 24... Nd5 $11 25. Nc4 Rg5 (25... Rf5 $5 26. Qd4 Rf4 27. Qxd5 Rxc4 $15) 26. Qd4 {[%emt 0:00:02] The position is equal.} Nf4 27. Qxf6+ Kg8 28. Nd6 $1 {[%emt 0:03:11] Really sharp!} Nd5 (28... Nxh3+ $2 {perishes.} 29. Kh1 $18) 29. Qxf7+ Qxf7 30. Nxf7 Kxf7 31. f4 Rh5 {[%emt 0:00:17][%cal Od5e3] Hoping for ...Ne3!} 32. g4 Rxh3 33. Rxd5 Re8 {[%emt 0:00:17] Weighted Error Value: White=0.10 (very precise) /Black=0.07 (flawless) .  Mistake:       	White=1     	---        Inaccurate:     	White=3     	Black=2      OK:         	White=9     	Black=10     Best:        	White=2     	Black=1      Strong:       	White=1     	---} 1/2-1/2

[Event "3rd President Cup-A 2024"]
[Site "Tashkent"]
[Date "2024.11.25"]
[Round "5.7"]
[White "Puranik, Abhimanyu"]
[Black "Mamedov, Edgar"]
[Result "1/2-1/2"]
[ECO "D45"]
[WhiteElo "2652"]
[BlackElo "2448"]
[Annotator "TA"]
[PlyCount "79"]
[EventDate "2024.11.22"]
[EventType "swiss"]
[EventCountry "UZB"]
[SourceTitle "playchess.com"]
[Source "ChessBase"]
[SourceQuality "1"]
[TimeControl "5400+30"]

1. c4 e6 2. Nc3 d5 3. d4 Nf6 4. Nf3 c6 5. e3 Nbd7 6. Qc2 Bd6 7. b3 O-O 8. Be2 b6 9. Bb2 Bb7 10. O-O Qe7 11. a4 a5 12. Rad1 Rad8 13. e4 dxe4 14. Nxe4 Nxe4 15. Qxe4 Nf6 16. Qh4 c5 17. Bd3 {[%emt 0:17:33] [#] dxc5 is the strong threat.} Ne4 18. Qxe7 Bxe7 19. Rfe1 f5 20. Nd2 Nxd2 21. Rxd2 Bf6 22. Rxe6 Bxd4 23. Bf1 Rf6 {[%emt 0:07:54] The position is equal.} 24. Re7 Be4 25. Bxd4 Rxd4 26. Rxd4 cxd4 $11 {[%emt 0:00:05][%mdl 4096] Endgame. KRB-KRB} 27. Rd7 {[%emt 0:01:23] Dodges Rd6} Bc2 28. c5 $1 bxc5 (28... Bxb3 {simplifies} 29. cxb6 Rxb6 30. Rxd4 Kf7) 29. Bc4+ Kf8 30. Kf1 $1 Rb6 31. Rd5 g6 32. Rxc5 Bxb3 33. Bxb3 Rxb3 34. Rxa5 {[%emt 0:00:44] KR-KR} d3 {[%emt 0:01:20][%cal Rb3b1] [#]} 35. Re5 Ra3 36. Ke1 Rxa4 {[%emt 0:14:08] aiming for ...Ra1+.} 37. Re3 $1 Ra1+ 38. Kd2 Ra2+ 39. Ke1 $1 Ra1+ 40. Kd2 {[%emt 0:00:08] An even fight not without its subleties.   Weighted Error Value: White=0.02 (flawless) /Black=0.01 (flawless) .  Inaccurate:     	White=1     	---        OK:         	White=10    	Black=10     Best:        	White=2     	Black=1      Strong:       	White=4     	---} 1/2-1/2

[Event "3rd President Cup-A 2024"]
[Site "Tashkent"]
[Date "2024.11.25"]
[Round "5.8"]
[White "Neelash Saha"]
[Black "Gareyev, Timur"]
[Result "1-0"]
[ECO "D25"]
[WhiteElo "2458"]
[BlackElo "2552"]
[Annotator "TA"]
[PlyCount "91"]
[EventDate "2024.11.22"]
[EventType "swiss"]
[EventCountry "UZB"]
[SourceTitle "playchess.com"]
[Source "ChessBase"]
[SourceQuality "1"]
[TimeControl "5400+30"]

1. d4 Nf6 2. c4 g6 3. Nc3 d5 4. cxd5 Nxd5 5. e4 Nb6 6. Nf3 Bg4 7. Be3 Bg7 8. Be2 O-O 9. O-O Nc6 10. e5 Nb4 11. h3 Bf5 {[%emt 0:10:38] White has an edge.} 12. Rc1 c6 13. Qd2 Qd7 14. Rfd1 Rad8 15. Nh4 Kh8 16. Nxf5 gxf5 {[%emt 0:00:03] [#]} 17. Na4 $1 Nxa4 18. Qxb4 Nb6 19. Bf3 Rg8 20. Rc5 e6 21. Bg5 Ra8 22. Qd2 Qe8 23. Qf4 Nd7 24. Rc2 a5 25. Qh4 a4 26. Kh1 {[%emt 0:01:03] White has more active pieces.} Ra5 27. g4 c5 {[%emt 0:00:15] This move loses the game for Black.} ({Black should try} 27... Nf8 $14) 28. Bxb7 $18 (28. gxf5 $6 exf5 29. dxc5 (29. Bxb7 cxd4 30. Qxd4 Nf8 $11) 29... Rxc5 30. Rxc5 (30. Qxa4 b5 $16) 30... Nxc5 $16) 28... Qb8 29. Bc6 {[%emt 0:00:04] A strong pair of Bishops.} Qa7 $2 (29... Nf8 30. gxf5 (30. dxc5 Ng6 $16) (30. Rxc5 Rxc5 31. dxc5 Qxe5 $11) 30... exf5 31. dxc5 Ng6) 30. gxf5 exf5 31. Bxd7 Qxd7 32. d5 {[%emt 0:00:06] [#] Strongly threatening Bf6.} (32. Rxc5 $2 Rxc5 33. Rg1 Rc4 $19) 32... f4 33. Bxf4 (33. Qxf4 Qxh3+ 34. Kg1 Rb5 $11) 33... c4 34. Qg4 (34. Rxc4 Rxd5 35. Rg1 Rd1 36. Rxd1 Qxd1+ 37. Kh2 Qd5 38. Rxa4 Bxe5 39. Bxe5+ Qxe5+ 40. Qf4 Qg7 $11) 34... Qb7 35. Qf3 (35. Rxc4 Rxd5 36. Kh2 Bh6 $14) 35... a3 36. bxa3 Rc8 37. Kg2 Qd7 38. Bg3 Rac5 39. Rc3 h6 40. Kh2 Re8 41. Qe4 f5 42. Qd4 Qc7 43. f4 Rb8 44. Bf2 Qa5 45. Rg3 {[%emt 0:00:15] Threatening mate with Rxg7.} Rbb5 46. Rdg1 {[%emt 0:00:19] Weighted Error Value: White=0.11 (very precise) /Black=0.39.  Mistake:       	---       	Black=2      Inaccurate:     	---       	Black=3      OK:         	White=19    	Black=7      Best:        	White=1     	---} (46. Rxg7 $142 Qe1 47. Rxe1 Kxg7 48. e6+ (48. Qxc5 Rxc5 49. Bxc5 c3 50. e6 c2 51. e7 c1=Q 52. Bd4+ Kh7 53. Rxc1 h5 54. e8=Q Kh6 55. Qh8+ Kg6 56. Qg7#) (48. Rg1+ Kh7 49. e6 Rc7 50. Qf6 Rb8 51. Qg6+ Kh8 52. Qxh6+ Rh7 53. Bd4#) 48... Kh7 49. e7 (49. Qxc5 Rxc5 50. Bxc5 h5 51. e7 Kh6 52. e8=Q h4 53. Rg1 Kh7 54. Qh5#) 49... Rb8 50. Qf6 (50. Qxc5 h5 51. d6 Kh6 52. Qxf5 Re8 53. Re6+ Kg7 54. Qg6+ Kh8 55. Bd4#) 50... Rxd5 51. Qf7+ (51. e8=B Re5 52. Qg6+ Kh8 53. Qxh6+ Kg8 54. Rg1#) 51... Kh8 52. e8=Q+ Rxe8 53. Rxe8#) 1-0